 Dungeon Crawl Stone Soup version 0.25-a0-413-g3b4b6a4ccc (webtiles) character file.

Game seed: 6059974930186487320, levelgen mode: deterministic

573 Denox the Gusty (level 7, 0/51 HPs)
             Began as a Barachi Air Elementalist on Jan 15, 2020.
             Was an Initiate of Sif Muna.
             Slain by a gnoll sergeant
             ... wielding a +0 trident
              (10 damage)
             ... on level 8 of the Dungeon on Jan 16, 2020.
             The game lasted 01:05:14 (6136 turns).

Denox the Gusty (Barachi Air Elementalist)          Turns: 6136, Time: 01:05:15

Health: 0/51       AC:  8    Str: 10    XL:     7   Next: 34%
Magic:  9/12       EV: 13    Int: 17    God:    Sif Muna [......]
Gold:   84         SH:  0    Dex: 12    Spells: 1/12 levels left

rFire    . . .     SeeInvis +   j - +2 dagger
rCold    . . .     Gourm    .   (no shield)
rNeg     . . .     Faith    .   a - +1 robe
rPois    +         Spirit   .   v - +2 hat {SInv}
rElec    .         Reflect  .   (no cloak)
rCorr    .         Harm     .   (no gloves)
MR       .....                  (no boots)
Stlth    ++........             (no amulet)
HPRegen  0.17/turn              g - ring of poison resistance
MPRegen  0.13/turn              l - +3 ring of protection

@: can't hop, slow
A: +LOS, swims, slowness 1, strong legs 1
a: Hop, Renounce Religion


You were on level 8 of the Dungeon.
You worshipped Sif Muna.
Sif Muna was noncommittal.
You were not hungry.

You visited 1 branch of the dungeon, and saw 6 of its levels.
You also visited: Sewer.

You collected 84 gold pieces.

Inventory:

Hand Weapons
 j - a +2 dagger (weapon)
 m - a +2 falchion of holy wrath
Armour
 a - a +1 robe (worn)
 v - a +2 hat of see invisible (worn)
Jewellery
 e - an uncursed ring of see invisible {unknown}
 g - a ring of poison resistance (left hand)
 l - a +3 ring of protection (right hand)
Wands
 b - a wand of paralysis (6)
 f - a wand of random effects (19)
 n - a wand of scattershot (4)
Scrolls
 s - a scroll of remove curse
 t - a scroll of blinking {unknown}
Potions
 d - a potion of flight
 i - a potion of curing
 k - a potion of mutation {unknown}
 o - a potion of brilliance {unknown}
 p - 3 potions of might
 q - 2 potions of magic {unknown}
 r - a potion of invisibility {unknown}
Comestibles
 c - 12 rations


   Skills:
 + Level 2.3 Fighting
 - Level 2.6 Dodging
 + Level 3.2 Stealth
 - Level 3.4 Spellcasting
 * Level 3.6 Conjurations
 - Level 6.2 Air Magic


You had one spell level left.
You knew the following spells:

 Your Spells              Type           Power        Failure   Level  Hunger
a - Shock                 Conj/Air       ###.         2%          1    None
b - Swiftness             Chrm/Air       ##......     7%          2    ##.....
c - Static Discharge      Conj/Air       ###.....     6%          3    ###....
d - Airstrike             Air            ###.......   13%         4    ####...
e - Summon Small Mammal   Summ           #...         17%         1    None

Your spell library contained the following spells:

 Spells                   Type           Power        Failure   Level  Hunger
 Animate Skeleton         Necr           N/A          17%         1    None
 Apportation              Tloc           #.....       17%         1    None
 Corona                   Hex            #......      17%         1    None
 Lightning Bolt           Conj/Air       ###.......   52%         5    ######.


Dungeon Overview and Level Annotations

Branches:
Dungeon (5/15)              Sewer (visited)
 Temple: D:4-7

Altars:
Ashenzari
Dithmenos
Kikubaaqudgha
Sif Muna

Annotations:
D:2 Robin
D:4 2 runed translucent doors, exclusions: orc priest and 1 more exclusion, Eustachio; PeterQ's ghost, amateur VSMo
D:5 4 exclusions
D:8 Pikel


Innate Abilities, Weirdness & Mutations

You can be seen from farther away. (+LOS)
You can swim through water.
You cover ground slowly.
You can hop short distances.


Message History

The gnoll sergeant barely misses you.
Okay, then.
Casting: Summon Small Mammal (safe; 17% risk of failure)
Confirm with . or Enter, or press ? or * to list all spells.
The hound is struck by an arc of lightning.
The hound barks!
The hound is lightly wounded.
You are struck by an arc of lightning.
* * * LOW HITPOINT WARNING * * *
The lightning grounds out.
The gnoll shouts!
The hound bites you.
* * * LOW HITPOINT WARNING * * *
Pikel hits you with a +0 whip of flaming.
* * * LOW HITPOINT WARNING * * *
Pikel burns you.
* * * LOW HITPOINT WARNING * * *
The slave closely misses you.
The gnoll sergeant hits you from afar with a +0 trident!
You die...

.......g.... ####+##.....
#..... #..... #.....
#######+############.....
................g)......)
.......h.pg..............
........@Kg.p.p..........
..........p...g..........
#######+######+#####.....
#..... #..... #.....
######


You could see Pikel, 4 slaves, a gnoll sergeant, a hound and 3 gnolls.

Vanquished Creatures
  A big kobold (Sewer)
  A scorpion (D:5)
  An orc wizard (D:2)
  An iguana (D:3)
  Ijyb (D:4)
  5 worker ants
  A killer bee zombie (D:5)
  3 gnolls (D:3)
  8 adders
  A river rat (D:3)
  An ooze (D:3)
  An adder zombie (D:4)
  2 worms
  2 leopard geckos
  10 orcs
  7 bats
  2 giant cockroaches (D:2)
  11 goblins
  8 hobgoblins
  9 jackals
  11 kobolds
  A quokka (D:5)
  2 ball pythons
  5 frilled lizards
  A leopard gecko zombie (D:5)
  17 rats
113 creatures vanquished.

Notes
Turn   | Place    | Note
-------+----------+-------------------------------------------
     0 | D:1      | Denox the Barachi Air Elementalist began the quest for the
                  | Orb.
     0 | D:1      | Reached XP level 1. HP: 13/13 MP: 3/3
   195 | D:1      | Reached XP level 2. HP: 19/19 MP: 1/5
   345 | D:1      | Learned a level 2 spell: Swiftness
  1072 | D:2      | Reached XP level 3. HP: 24/24 MP: 3/6
  1386 | D:2      | Reached skill level 4 in Air Magic
  1452 | D:2      | Noticed Robin
  1539 | D:2      | Reached XP level 4. HP: 23/30 MP: 3/7
  1670 | D:2      | Learned a level 3 spell: Static Discharge
  2209 | D:3      | Reached XP level 5. HP: 35/35 MP: 4/9
  2233 | D:3      | Found a glowing drain.
  2246 | Sewer    | Entered a sewer
  2355 | Sewer    | Noticed a big kobold
  2380 | Sewer    | Reached skill level 5 in Air Magic
  2547 | Sewer    | Killed a big kobold
  2696 | Sewer    | Found a white marble altar of Elyvilon.
  2807 | D:3      | Found an ancient bone altar of Kikubaaqudgha.
  2885 | D:3      | Found a shimmering blue altar of Sif Muna.
  2891 | D:3      | Found a shattered altar of Ashenzari.
  2891 | D:3      | Found a shadowy altar of Dithmenos.
  2983 | D:3      | Reached XP level 6. HP: 31/41 MP: 2/11
  3295 | D:3      | Reached skill level 6 in Air Magic
  3407 | D:3      | Learned a level 4 spell: Airstrike
  4028 | D:4      | Noticed Eustachio
  4176 | D:4      | Noticed Ijyb
  4186 | D:4      | Killed Ijyb
  4194 | D:4      | Got a smoking golden amulet
  4212 | D:4      | Reached skill level 1 in Fighting
  4860 | D:4      | Found a runed translucent gate.
  4862 | D:4      | Found a runed translucent gate.
  4862 | D:4      | Noticed PeterQ's ghost (amateur VSMo)
  4958 | D:3      | Became a worshipper of Sif Muna the Loreminder
  4961 | D:3      | Identified the amulet "Nudde" {Spirit rC- Str-2 Int+9
                  | Dex+6} (You found it on level 4 of the Dungeon)
  5209 | D:5      | Entered Level 5 of the Dungeon
  5249 | D:5      | Reached XP level 7. HP: 47/49 MP: 3/12
  5917 | D:5      | Learned a level 1 spell: Summon Small Mammal
  6087 | D:5      | You fall into a shaft and drop 3 floors!
  6093 | D:8      | Noticed Pikel
  6093 | D:8      | Noticed a wyvern
  6136 | D:8      | Slain by a gnoll sergeant

Levels and vault maps discovered:
D:1:      psy_arrival_basics, layout_basic
D:2:      layout_rooms, eino_curves_04, grunt_ministairs_2, uniq_robin
D:3:      layout_basic, grunt_temple_overflow_open, first_ration,
          cheibrodos_sewer_entry_sluice, kennysheep_generic_room_5
D:4:      layout_layer_cave, gammafunk_ghost_split, uniq_eustachio, uniq_ijyb
D:5:      layout_loops_corners, nicolae_ru_awakened_eye, kennysheep_little_box,
          minmay_temple_entry_antechambers
D:8:      layout_gridville, nicolae_gozag_cash_rules_everything_around_me,
          lemuel_coloured_pillars_altar, erik_lair_orcish_takeover, uniq_harold,
          uniq_pikel

Skill      XL: |  1  2  3  4  5  6  7 |
---------------+----------------------+-----
Stealth        | 2 3 |  3.2
Air Magic      | 4 5 6 |  6.2
Spellcasting   | 3 |  3.4
Conjurations   | 3 |  3.6
Fighting       | 1 2 |  2.3
Dodging        | |  2.6

Action                   |  1- 3 |  4- 6 |  7- 9 || total
-------------------------+-------+-------+-------++-------
Melee: Dagger            |    12 |    62 |       ||    74
 Cast: Shock             |    57 |   108 |    17 ||   182
       Swiftness         |     1 |     1 |     1 ||     3
       Static Discharge  |       |    28 |     8 ||    36
       Summon Small Mamm |       |       |     3 ||     3
       Airstrike         |       |       |     1 ||     1
 Abil: Hop               |       |     2 |     2 ||     4
Evoke: Wand              |     6 |     1 |       ||     7
  Use: Scroll            |     2 |     8 |       ||    10
       Potion            |       |     4 |       ||     4
 Stab: Paralysed         |     4 |     3 |       ||     7
  Eat: Chunk             |     3 |     9 |     1 ||    13
       Ration            |       |     2 |     1 ||     3
Armor: Robe              |     9 |    25 |     4 ||    38
       Skin              |       |     3 |       ||     3
Dodge: Dodged            |    28 |   101 |    22 ||   151

Table legend:
 A = Non-vault XP
 B = Vault XP
 C = Vault XP percentage of total XP
 D = Non-vault monster count
 E = Vault monster count
 F = Vault count percentage of total count
                 A         B        C        D         E       F
            +---------+---------+-------+---------+---------+-------
      Total |     605 |     214 |  26.1 |      85 |      28 |  24.8
            +---------+---------+-------+---------+---------+-------
        D:1 |      32 |       0 |   0.0 |      19 |       0 |   0.0
        D:2 |      90 |      17 |  15.9 |      21 |      10 |  32.3
        D:3 |     154 |      48 |  23.8 |      28 |       6 |  17.6
        D:4 |     117 |      35 |  23.0 |       9 |       1 |  10.0
        D:5 |     212 |       0 |   0.0 |       8 |       0 |   0.0
      Sewer |       0 |     114 | 100.0 |       0 |      11 | 100.0
            +---------+---------+-------+---------+---------+-------
